AoeStats
← Gjallarhorn

Arabia

508274742Analyzed
1v1 RM · 9d ago on Sep 21, 2026· 43m 56s· 2 players
Game mode
Random Map
Map size
Tiny (2 player)
Population
200
Speed
Normal
Resources
Standard
Victory
Conquest
Starting age
Dark Age
Ending age
Imperial Age
RankedLock teamsTeams togetherTeam positionsShared explorationLock speedFull tech treeHidden civsTurbo modeCheats
Victory
Defeat
🇨🇴 Franks · Colombia
736
+15
🇩🇪 Franks · Germany
722
-15
Gjallarhorn
7:42 Loom
9:52 Feudal Age
11:00 Double-Bit Axe
18:07 Castle Age
20:58 Scale Barding Armor
21:33 Forging
23:28 Husbandry
24:01 Town Watch
26:04 Pikeman
28:02 Gold Mining
28:49 Scale Mail Armor
30:21 Wheelbarrow
33:38 Iron Casting
32:56 Fletching
33:44 #83
34:44 Town Patrol
35:03 Hand Cart
35:42 Town Patrol
36:08 Squires
37:28 Chain Mail Armor
43:28 Imperial Age
42:10 Bodkin Arrow
43:10 Gold Shaft Mining
alejandrosandoval013102
5:19 Loom
11:07 Feudal Age
20:26 Castle Age
20:25 Gold Mining
24:25 Double-Bit Axe
25:18 Gold Shaft Mining
26:55 Husbandry
30:40 Pikeman
31:40 Herbal Medicine
41:45 Imperial Age
43:10 Cavalier
Connection lost

Rejoining the realm…

Still unreachable

The connection could not be restored.

Session expired

The server has moved on; the page needs a fresh start.